 Dungeon Crawl Stone Soup version 0.27-a0-765-ge4d627daa3 (webtiles) character file.

Game seed: 10711650450266288309

2417 spiderkeys the Spear-Bearer (level 9, -5/118 HPs)
             Began as a Minotaur Berserker on Mar 25, 2021.
             Was an Elder of Trog.
             Succumbed to an orc wizard's poison
             ... on level 7 of the Dungeon.
             The game lasted 00:09:30 (8118 turns).

spiderkeys the Spear-Bearer (Minotaur Berserker)    Turns: 8118, Time: 00:09:31

Health: -5/118     AC:  7    Str: 26    XL:     9   Next: 24%
Magic:  2/2        EV: 12    Int:  4    God:    Trog [****..]
Gold:   205        SH:  4    Dex:  9    Spells: 8/8 levels left

rFire    . . .     SeeInvis .   c - +2 spear (antimagic)
rCold    . . .     Faith    .   r - +0 buckler
rNeg     . . .     Spirit   .   s - +0 ring mail
rPois    .         Reflect  .   (helmet restricted)
rElec    .         Harm     .   n - +0 cloak
rCorr    .         Rampage  .   (no gloves)
Will     .....                  (no boots)
Stlth    ..........             (no amulet)
HPRegen  0.29/turn              (no ring)
MPRegen  0.08/turn              (no ring)

@: berserking, lethally poisoned (-5 -> -20), very quick
A: horns 2, retaliatory headbutt
a: Renounce Religion, Berserk, Trog's Hand, Brothers in Arms


You were on level 7 of the Dungeon.
You worshipped Trog.
Trog was greatly pleased with you.
You visited 2 branches of the dungeon, and saw 8 of its levels.

You collected 205 gold pieces.

Inventory:

Hand Weapons
 a - a +0 spear
 c - a +2 antimagic spear (weapon)
Armour
 n - a +0 cloak (worn)
 r - a +0 buckler (worn)
 s - a +0 ring mail (worn)
Jewellery
 b - an amulet of magic regeneration
Wands
 p - a wand of mindburst (23)
 t - a wand of digging (4)
Scrolls
 e - 3 scrolls of immolation
 f - a scroll of enchant weapon
 j - a scroll of teleportation
 q - a scroll of magic mapping
Potions
 d - 2 potions of haste
 g - 2 potions of berserk rage
 i - a potion of attraction
 l - a potion of invisibility


   Skills:
 + Level 7.2 Fighting
 * Level 9.7 Polearms
 + Level 6.7 Armour
 + Level 6.1 Dodging
 + Level 4.4 Shields


You had 8 spell levels left.
You didn't know any spells.
Your spell library contained the following spells:

 Spells                   Type           Power      Damage    Failure   Level
 Corona                   Hex            0%         N/A       63%         1
 Ensorcelled Hibernation  Hex/Ice        0%         N/A       77%         2
 Confusing Touch          Hex            0%         N/A       94%         3
 Dazzling Flash           Conj/Hex       0%         N/A       94%         3
 Gell's Gravitas          Tloc           0%         N/A       94%         3
 Tukima's Dance           Hex            0%         N/A       94%         3
 Petrify                  Tmut/Erth      0%         N/A       100%        4
 Metabolic Englaciation   Hex/Ice        0%         N/A       100%        5
 Yara's Violent Unravell  Hex/Tmut       0%         3d3       100%        5


Dungeon Overview and Level Annotations

Branches:
Dungeon (7/15)             Temple (1/1) D:5

Altars:

Shops:
D:1 *

Annotations:
D:6 2 transporters, mojowtm's ghost, novice SpHu


Innate Abilities, Weirdness & Mutations

You have a pair of horns on your head.
You reflexively headbutt those who attack you in melee.


Message History

The ufetubus barely misses you. You furiously retaliate!
You headbutt the ufetubus!
You kill the ufetubus!
Trog accepts your kill.
You can now call in reinforcements.
The orc hits you with a +2 short sword of electrocution.
You closely miss something.
You feel sick. Something barely misses you.
The hound bites you but does no damage.
You hit something. Your headbutt misses something. You block the orc's attack.
Something hits you but does no damage.
You hit something.
You feel sick. The hound bites you but does no damage.
The orc hits you but does no damage.
You are electrocuted!
You miss something. You block the hound's attack.
Something hits you but does no damage.
You are more poisoned.
You hit something. Your headbutt misses something.
You feel extremely sick. You block the hound's attack.
The orc closely misses you.
You closely miss something.
You feel sick. The hound closely misses you. You block something's attack.
You completely miss something. You block the hound's attack.
The orc hits you with a +2 short sword of electrocution.
You are electrocuted!
Something hits you.
* * * LOW HITPOINT WARNING * * *
You are more poisoned.
You miss something. Your headbutt misses something.
* * * LOW HITPOINT WARNING * * *
You feel extremely sick. The hound bites you but does no damage.
The orc hits you with a +2 short sword of electrocution.
* * * LOW HITPOINT WARNING * * *
A red film seems to cover your vision as you go berserk!
You feel yourself moving faster!
You feel mighty!
You feel sick. The hound misses you. You furiously retaliate!
You headbutt the hound! Something hits you.
* * * LOW HITPOINT WARNING * * *
You are lethally poisoned!
The orc hits you with a +2 short sword of electrocution.
* * * LOW HITPOINT WARNING * * *
You barely miss something.
You die...

.....$. ....
.........).##
#..........##
#........≈.≈#. ..≈..
##.........≈.≈.. ≈..#.
#.. #...#..≈.≈#
.....####.###...#o.≈≈≈#.
...........##...@{......
...........##..†#h....##
#..>........[.........#
#............####.......
#.......<...............
#..........######...####
#..........# ...#
#..........# .$.#
#..........# ##


You could see a hound and an orc.

Vanquished Creatures
  A manticore (D:6)
  Sigmund (D:5)
  2 water moccasins
  A sky beast (D:4)
  A black bear (D:5)
  2 ice beasts
  A necrophage (D:5)
  2 centaurs
  2 ogres
  2 phantoms
  A bullfrog (D:6)
  A gnoll sergeant (D:5)
  A centaur zombie (D:6)
  3 hounds
  A jelly (D:5)
  A bullfrog skeleton (D:6)
  A bullfrog zombie (D:5)
  Natasha (D:3)
  A gnoll shaman (D:5)
  An iguana (D:6)
  An orc wizard (D:6)
  A worker ant (D:5)
  A hound skeleton (D:4)
  A howler monkey zombie (D:6)
  8 gnolls (D:5)
  7 adders
  A white imp (D:6)
  2 ufetubi
  2 worms (D:3)
  4 dart slugs
  9 orcs
  8 ball pythons
  6 bats
  14 endoplasms
  4 giant cockroaches
  5 goblins
  13 hobgoblins
  4 jackals (D:3)
  5 kobolds
  2 quokkas
  2 frilled lizards
  4 rats
131 creatures vanquished.

Notes
Turn   | Place    | Note
-------+----------+-------------------------------------------
     0 | D:1      | spiderkeys the Minotaur Berserker began the quest for the
                  | Orb.
     0 | D:1      | Reached XP level 1. HP: 19/19 MP: 0/0
   167 | D:1      | Reached XP level 2. HP: 27/27 MP: 1/1
   178 | D:1      | Reached skill level 4 in Polearms
   359 | D:1      | Found Cibboh's General Store.
   862 | D:2      | Reached XP level 3. HP: 33/33 MP: 2/2
  1005 | D:2      | Noticed a phantom
  1016 | D:2      | Killed a phantom
  1017 | D:2      | Reached XP level 4. HP: 30/41 MP: 3/3
  1088 | D:2      | Reached ** piety under Trog
  1206 | D:2      | Reached skill level 5 in Polearms
  1465 | D:2      | Reached XP level 5. HP: 24/47 MP: 4/4
  2295 | D:3      | Noticed Natasha
  2305 | D:3      | Killed Natasha
  3166 | D:4      | Reached *** piety under Trog
  3184 | D:4      | Noticed a sky beast
  3196 | D:4      | HP: 3/70 [something (5)]
  3197 | D:4      | Killed a sky beast
  3198 | D:4      | Reached skill level 6 in Polearms
  3198 | D:4      | Reached XP level 6. HP: 3/55 MP: 5/5
  3770 | D:4      | Reached skill level 5 in Fighting
  3950 | D:5      | Entered Level 5 of the Dungeon
  4160 | D:5      | Noticed an ice beast
  4166 | D:5      | Reached XP level 7. HP: 16/61 MP: 0/6
  4172 | D:5      | Reached skill level 7 in Polearms
  4735 | D:5      | Reached skill level 5 in Armour
  4752 | D:5      | Noticed Sigmund
  4760 | D:5      | Killed Sigmund
  4761 | D:5      | Reached skill level 1 in Shields
  5145 | D:5      | Reached XP level 8. HP: 60/70 MP: 2/7
  5331 | D:5      | Found a staircase to the Ecumenical Temple.
  5348 | D:5      | Reached skill level 8 in Polearms
  5348 | D:5      | Reached skill level 5 in Dodging
  5359 | D:5      | HP: 1/70 [centaur (5)]
  5474 | Temple   | Entered the Ecumenical Temple
  6698 | D:6      | Found a transporter.
  6701 | D:6      | Noticed mojowtm's ghost (novice SpHu)
  6728 | D:6      | Reached **** piety under Trog
  6736 | D:6      | Reached skill level 9 in Polearms
  6804 | D:6      | Found a transporter.
  6844 | D:6      | Noticed a manticore
  6860 | D:6      | Killed a manticore
  6861 | D:6      | Reached XP level 9. HP: 22/79 MP: 2/8
  8117 | D:7      | HP: 5/118 [orc/+2 short sword of electrocution (1)]
  8118 | D:7      | Succumbed to an orc wizard's poison

Illustrated notes

Levels and vault maps discovered:
D:1:      saegor_arrival_simple_e, layout_rooms, serial_shops, shop,
          minmay_parallelograms, minmay_surrounded
D:2:      layout_basic
D:3:      minmay_door_path, layout_loops_ring, minmay_misc_feat_room,
          uniq_natasha
D:4:      layout_rooms, grunt_decor_resistance
D:5:      minmay_inner_zag, layout_loops_ring, minmay_temple_entry_sparse_star,
          uniq_sigmund
D:6:      layout_basic, gammafunk_ghost_stat_death
D:7:      layout_rooms, serial_rivers, chequers_serial_rivers_small_3,
          chequers_serial_rivers_micro_d, chequers_serial_rivers_micro_c,
          chequers_serial_rivers_large_a, chequers_serial_rivers_small_3,
          chequers_serial_rivers_room_a, dk_noncrumbling_2, uniq_maggie,
          uniq_crazy_yiuf_cottage
Temple:   regret_index_temple_sigil_plot

Skill      XL: |  1  2  3  4  5  6  7  8  9 |
---------------+----------------------------+-----
Polearms       | 4 5 6 7 9 |  9.7
Fighting       | 4 5 6 7 |  7.2
Armour         | 3 4 5 6 |  6.7
Dodging        | 3 4 5 6 |  6.1
Shields        | 2 4 |  4.4

Action                   |  1- 3 |  4- 6 |  7- 9 || total
-------------------------+-------+-------+-------++-------
Melee: Spear             |    78 |   208 |   215 ||   501
       Headbutt          |    11 |    27 |    36 ||    74
Invok: Berserk           |       |     2 |     5 ||     7
       Trog's Hand       |       |       |     2 ||     2
  Use: Scroll            |       |     3 |     8 ||    11
       Potion            |       |       |     1 ||     1
 Stab: Sleeping          |     1 |     2 |       ||     3
Armor: Animal skin       |     7 |    20 |       ||    27
       Ring mail         |       |       |    48 ||    48
Dodge: Dodged            |    28 |    72 |    77 ||   177
Block: Buckler           |       |       |    24 ||    24

Table legend: (Time is in decaauts)
 A = Elapsed time spent in this place.
 B = Non-inter-level travel time spent in this place.
 C = Inter-level travel time spent in this place.
 D = Time resting spent in this place.
 E = Time spent auto-exploring this place.
 F = Levels seen in this place.
 G = Mean time per level.
                   A        B        C        D        E       F      G
               +--------+--------+--------+--------+--------+-----+--------+
         Total |   8074 |   7919 |    155 |   1722 |   5312 |   8 | 1009.2 |
       Dungeon |   7872 |   7717 |    155 |   1523 |   5312 |   7 | 1124.6 |
        Temple |    202 |    202 |      0 |    199 |      0 |   1 |  202.0 |
               +--------+--------+--------+--------+--------+-----+--------+

Top non-repeatable levels by time:
     D:5: 2332 daAuts
     D:6: 1581 daAuts
     D:2: 1167 daAuts
     D:3: 1105 daAuts
     D:1: 852 daAuts
     D:4: 800 daAuts
  Temple: 202 daAuts
     D:7: 33 daAuts
